Description

Serral vs Trap, Game 2 DH Summmer Masters 2020. Eternal Empire.

Replay - Serral v Trap: Game 2 - Eternal Empire LE

Build Order

Get SALT Encoding   

  12  0:00  Drone  
  13  0:12  Overlord  
  13  0:17  Drone  
  14  0:31  Drone x2  
  16  0:48  Hatchery  
  15  0:51  Drone x2  
  17  0:58  Drone  
  18  1:09  Extractor  
  17  1:13  Spawning Pool  
  17  1:18  Drone x2  
  18  1:27  Drone  
  20  1:49  Overlord  
  20  2:00  Queen x2  
  20  2:01  Zergling x4  
  30  2:35  Pneumatized Carapace, Overlord  
  31  2:41  Queen  
  31  2:43  Zergling x2  
  34  2:48  Zergling x2  
  35  2:58  Extractor  
  36  3:05  Hatchery  
  36  3:09  Metabolic Boost  
  38  3:23  Queen  
  41  3:29  Overlord  
  41  3:39  Zergling x2  
  41  3:40  Spore Crawler  
  43  3:46  Spore Crawler  
  43  3:48  Zergling x2  
  50  4:05  Overlord  
  52  4:16  Queen  
  52  4:17  Spore Crawler  
  58  4:35  Zergling x6  
  61  4:43  Lair  
  65  4:53  Roach Warren  
  67  5:00  Extractor x2  
  67  5:04  Zergling x2  
  71  5:15  Evolution Chamber  
  80  5:36  Extractor x2  
  80  5:41  Zerg Melee Weapons Level 1  
  80  5:54  Hatchery  
  76  5:59  Roach x6  
  76  6:03  Glial Reconstitution  
  88  6:10  Roach x3  
  96  6:20  Roach  
  96  6:23  Ravager  
  105  6:32  Ravager x2  
  107  6:39  Ravager  
  113  6:52  Ravager  
  121  7:00  Baneling Nest, Extractor  
  122  7:24  Queen  
  133  7:40  Zerg Melee Weapons Level 2  
  133  7:43  Evolution Chamber  
  132  7:44  Baneling x6  
  132  7:46  Centrifical Hooks  
  132  7:49  Overseer  
  144  8:23  Zerg Missile Weapons Level 1  
  143  8:30  Ravager x2  
  143  8:31  Baneling x4  
  151  8:35  Overseer, Hatchery  
  150  8:43  Infestation Pit  
  150  8:45  Ravager x3  
  175  9:24  Hive  
  191  9:57  Zerg Ground Armor Level 1  
  191  9:58  Spire  
Spawning Tool Build Advisor. Get it on Overwolf

Go to:

Details

  • Created by: nienavarda
  • Published on: Sep 11, 2020
  • Modified on: Sep 11, 2020
  • Patch: 4.11.0
  • Difficulty: Hard
Show
View Real Time Build Order
Export as new Build Order

Comments (1)

On Oct. 12, 2020, 4:37 p.m., Dark_Avenger  said:

Can you tell me what Trap was building? The replay won't work for some reason. Thanks!

Create an account to comment!